 Dungeon Sprint DCSS version 0.21-a0-94-gdd6ab6a (webtiles) character file.

3679 Kidiri the Unseen (level 9, -9/47 HPs)
             Began as a Spriggan Enchanter on July 1, 2017.
             Was a Priest of Dithmenos.
             Mangled by a kraken (33 damage)
             ... in the Dungeon (Sprint II: "The Violet Keep of Menkaure").
             The game lasted 00:10:00 (1649 turns).

Kidiri the Unseen (Spriggan Enchanter)              Turns: 1649, Time: 00:10:01

Health: -9/47      AC:  2    Str: 12    XL:     9   Next: 90%
Magic:  15/25      EV: 27    Int: 20    God:    Dithmenos [***...]
Gold:   405        SH:  7    Dex: 14    Spells: 19/31 levels left

rFire    + . .     SeeInvis +   a - +1 dagger
rCold    x . .     Gourm    .   i - +1 buckler {reflect}
rNeg     . . .     Faith    .   b - +0 robe
rPois    +         Spirit   .   (helmet restricted)
rElec    .         Reflect  +   (no cloak)
rCorr    .         Harm     .   (gloves unavailable)
MR       +....     NoTele   +   (boots unavailable)
Stlth    ++++++++..             (no amulet)
HPRegen  0.15/turn              k - ring "Zeinwikk" {Fire rPois Str+8 Int+3 Dex-5}
MPRegen  0.19/turn              (no ring)

@: wreathed by umbra, very quick
A: unfitting armour, see invisible, herbivore 3, speed 3, slow metabolism 2
a: Shadow Step, Renounce Religion


You were in the Dungeon.
You worshipped Dithmenos.
Dithmenos was most pleased with you.
You were not hungry.

You visited 1 branch You collected 1215 gold pieces.
You spent 810 gold pieces at shops.

Inventory:

Hand Weapons
 a - a +1 dagger (weapon)
Armour
 b - a +0 robe (worn)
 i - a +1 buckler of reflection (worn)
Jewellery
 k - the ring "Zeinwikk" (left hand) {Fire rPois Str+8 Int+3 Dex-5}
   (You bought it in a shop in the Dungeon)

   [ring of fire]

   It enhances your fire magic.
   It affects your strength (+8).
   It affects your intelligence (+3).
   It affects your dexterity (-5).
   It protects you from fire.
   It makes you vulnerable to cold.
   It protects you from poison.
Scrolls
 j - a scroll of blinking
Potions
 e - a potion of curing
 g - a potion of haste
 h - a potion of magic
Books
 c - a book of Maledictions

   Spells                             Type                      Level
   a - Corona                         Hexes                        1
   b - Ensorcelled Hibernation        Hexes/Ice                    2
   c - Confuse                        Hexes                        3
   d - Tukima's Dance                 Hexes                        3
   e - Dazzling Spray                 Conjuration/Hexes            3
Comestibles
 d - a bread ration
 f - 4 fruits


   Skills:
 + Level 5.5 Fighting
 * Level 10.6 Short Blades
 + Level 5.0 Armour
 * Level 13.6 Dodging
 * Level 15.0 Stealth
 + Level 2.3 Shields
 * Level 11.7 Spellcasting
 + Level 9.1 Hexes
 + Level 3.3 Invocations


You had 19 spell levels left.
You knew the following spells:

 Your Spells              Type           Power        Failure   Level  Hunger
a - Corona                Hex            #####..      1%          1    None
b - Ensorcelled Hibernat  Hex/Ice        ####..       1%          2    None
c - Confuse               Hex            #####...     1%          3    None
d - Tukima's Dance        Hex            #####...     1%          3    None
e - Dazzling Spray        Conj/Hex       ####..       3%          3    None


Dungeon Overview and Level Annotations

Branches:
Dungeon (1/1)

Altars:
Cheibriados
Dithmenos
Elyvilon
Fedhas
Gozag
Hepliaklqana
Kikubaaqudgha
Makhleb
Nemelex Xobeh
Okawaru
Qazlal
Ru
Sif Muna
Trog
Uskayaw
Vehumet
Wu Jian
Xom
Yredelemnul
Zin
The Shining One
Beogh
Jiyva
Lugonu

Shops:
D !=:*=}:(}?:[%![=

Annotations:
D exclusions: oklob plant and orange crystal statue


Innate Abilities, Weirdness & Mutations

You are very small and have problems with some larger weapons.
You are too small for most types of armour.
You have supernaturally acute eyesight. (SInv)
You are a herbivore.
You cover ground extremely quickly.
You need consume almost no food.


Message History

The spray of energy misses the tentacle.
The tentacle closely misses you.
Unknown command.
Casting: Dazzling Spray
Confirm with . or Enter, or press ? or * to list all spells.
Aiming: Dazzling Spray
Press: ? - help, Shift-Dir - straight line, f/p - kraken
Aim: a kraken (water, heavily wounded, umbra)
The spray of energy misses the tentacle.
The spray of energy hits the kraken.
The kraken is heavily wounded.
The kraken is dazzled.
The spray of energy hits the tentacle.
The tentacle is lightly wounded.
You block the tentacle's attack. The tentacle slaps you!
Unknown command.
You hit the kraken but do no damage.
The kraken is heavily wounded.
The kraken bites you!!
Ouch! That really hurt!
You die...

.##.# |▓(?%()!$?▓▓
...####▓?$$$)%?[▓▓
#.^##.#▓$??[$!?!▓▓
+..#..#▓(((%$$(?▓▓
#..#).#▓()$())($▓▓
#.^##.#▓(?[($?!?▓▓
##^(.##▓▓▓▓▓▓▓+▓▓▓▓+▓
.≈≈≈≈≈≈≈≈≈≈≈≈≈...≈≈≈▓
.≈#+########+###@≈≈≈▓
.≈#_._._...#t§≈##X≈≈▓
.≈#._._._._#§§§≈####▓
≈≈#_._._._.#§§§§§
≈≈#._._._._#≈§§§§
≈§#.._._._.#≈≈≈§≈
§§#..._._._#≈≈§§≈
§≈#...._._.#§≈≈
§≈#....._..#≈≈≈


You could see a kraken (blind).

Vanquished Creatures
  A great orb of eyes (D)
  A yaktaur (D)
  3 polar bears (D)
  2 tyrant leeches (D)
  A hornet (D)
  A blink frog (D)
  3 yaks (D)
  4 neqoxecs (D)
  Menkaure (D)
  4 necrophages (D)
  A crocodile (D)
  3 worms (D)
25 creatures vanquished.

Vanquished Creatures (others)
  8 tentacles (D)
8 creatures vanquished.

Grand Total: 33 creatures vanquished

Notes
Turn   | Place    | Note
-------+----------+-------------------------------------------
     0 | D        | Kidiri the Spriggan Enchanter began the quest for the Orb.
     0 | D        | Reached XP level 1. HP: 9/9 MP: 5/5
     1 | D        | Noticed a neqoxec
    10 | D        | Reached skill level 5 in Stealth
    20 | D        | Noticed a crocodile
    23 | D        | Reached XP level 2. HP: 14/14 MP: 7/7
    37 | D        | Learned a level 2 spell: Ensorcelled Hibernation
   413 | D        | Killed a crocodile
   413 | D        | Reached skill level 1 in Fighting
   413 | D        | Reached skill level 1 in Armour
   413 | D        | Reached skill level 5 in Dodging
   413 | D        | Reached skill level 7 in Stealth
   413 | D        | Reached XP level 3. HP: 18/18 MP: 3/10
   413 | D        | Reached XP level 4. HP: 23/23 MP: 3/11
   422 | D        | Learned a level 3 spell: Confuse
   426 | D        | Learned a level 3 spell: Tukima's Dance
   430 | D        | Learned a level 3 spell: Dazzling Spray
   471 | D        | Noticed a necrophage
   471 | D        | Noticed a necrophage
   471 | D        | Noticed a necrophage
   471 | D        | Noticed a necrophage
   480 | D        | HP: 1/22 [necrophage (6)]
   482 | D        | Killed a necrophage
   482 | D        | Reached skill level 8 in Stealth
   482 | D        | Reached skill level 5 in Hexes
   482 | D        | Reached XP level 5. HP: 22/27 MP: 8/14
   494 | D        | Killed a necrophage
   494 | D        | Reached skill level 5 in Short Blades
   494 | D        | Reached skill level 9 in Stealth
   498 | D        | Killed a necrophage
   498 | D        | Reached XP level 6. HP: 20/32 MP: 1/17
   510 | D        | Reached skill level 10 in Stealth
   671 | D        | Noticed a tyrant leech
   671 | D        | Noticed a tyrant leech
   679 | D        | Killed a tyrant leech
   679 | D        | Reached skill level 11 in Stealth
   679 | D        | Reached XP level 7. HP: 37/37 MP: 10/19
   692 | D        | Killed a tyrant leech
   692 | D        | Reached skill level 10 in Dodging
   801 | D        | Killed a neqoxec
   801 | D        | Reached skill level 12 in Stealth
   802 | D        | Noticed a neqoxec
   803 | D        | Killed a neqoxec
   803 | D        | Reached XP level 8. HP: 42/42 MP: 20/22
   828 | D        | Noticed Menkaure
   885 | D        | Killed Menkaure
   885 | D        | Reached skill level 10 in Spellcasting
  1015 | D        | Noticed an orange crystal statue
  1022 | D        | Found Voimitt's Antique Armour Emporium.
  1023 | D        | Found Otimic Baint's Magic Scroll Emporium.
  1023 | D        | Found Ranguskahac's Gadget Shoppe.
  1024 | D        | Noticed a blink frog
  1026 | D        | Killed a blink frog
  1026 | D        | Reached skill level 13 in Stealth
  1030 | D        | Found Vaosaale's Antique Weapon Shoppe.
  1030 | D        | Found Werredd's Distillery.
  1032 | D        | Found Arad's Jewellery Emporium.
  1032 | D        | Found Iklotethru's Book Shoppe.
  1033 | D        | Found Diott's Book Shoppe.
  1033 | D        | Found Qoweten's Gadget Emporium.
  1034 | D        | Found Tillewk's Food Shoppe.
  1035 | D        | Found Yppu's Antique Armour Shoppe.
  1038 | D        | Found Loar Deu's Jewellery Emporium.
  1038 | D        | Found Qyezuyt's Assorted Antiques.
  1038 | D        | Noticed an oklob plant
  1039 | D        | Found Plog's Jewellery Shoppe.
  1039 | D        | Found Tewnuv's Book Shoppe.
  1039 | D        | Found Unleijups's Distillery.
  1040 | D        | Noticed an unseen horror
  1056 | D        | Noticed an ice dragon
  1084 | D        | Bought a runed buckler for 225 gold pieces
  1099 | D        | Bought the ring "Zeinwikk" {Fire rPois Str+8 Int+3 Dex-5} for 585 gold pieces
  1135 | D        | Found an iron altar of Okawaru.
  1135 | D        | Found an opulent altar of Gozag.
  1136 | D        | Found a sparkling altar of Nemelex Xobeh.
  1136 | D        | Found a blossoming altar of Fedhas.
  1139 | D        | Found a burning altar of Makhleb.
  1139 | D        | Found a white marble altar of Elyvilon.
  1139 | D        | Found a radiant altar of Vehumet.
  1142 | D        | Found a hide-covered altar of Uskayaw.
  1142 | D        | Found a corrupted altar of Lugonu.
  1142 | D        | Found a shadowy altar of Dithmenos.
  1143 | D        | Found a glowing silver altar of Zin.
  1143 | D        | Found a bloodstained altar of Trog.
  1143 | D        | Found an ancient bone altar of Kikubaaqudgha.
  1144 | D        | Found a basalt altar of Yredelemnul.
  1144 | D        | Found a deep blue altar of Sif Muna.
  1144 | D        | Found a viscous altar of Jiyva.
  1145 | D        | Found a shimmering altar of Xom.
  1145 | D        | Found a sacrificial altar of Ru.
  1147 | D        | Found a glowing golden altar of the Shining One.
  1147 | D        | Found an ornate altar of the Wu Jian Council.
  1147 | D        | Found a stormy altar of Qazlal.
  1147 | D        | Found a snail-covered altar of Cheibriados.
  1147 | D        | Found a hazy altar of Hepliaklqana.
  1147 | D        | Noticed a hornet
  1147 | D        | Noticed a polar bear
  1148 | D        | Found a roughly hewn altar of Beogh.
  1148 | D        | Noticed a yaktaur
  1155 | D        | Became a worshipper of Dithmenos the Shadowed
  1163 | D        | Noticed a polar bear
  1182 | D        | Killed a polar bear
  1188 | D        | Noticed a polar bear
  1191 | D        | Killed a polar bear
  1191 | D        | Reached skill level 1 in Invocations
  1191 | D        | Reached XP level 9. HP: 28/46 MP: 17/24
  1193 | D        | Reached * piety under Dithmenos
  1193 | D        | Reached skill level 5 in Fighting
  1193 | D        | Reached skill level 1 in Shields
  1197 | D        | Killed a polar bear
  1202 | D        | Killed a yaktaur
  1202 | D        | Reached skill level 10 in Short Blades
  1202 | D        | Reached skill level 14 in Stealth
  1217 | D        | Noticed a death drake
  1337 | D        | Noticed a great orb of eyes
  1339 | D        | Killed a great orb of eyes
  1339 | D        | Reached ** piety under Dithmenos
  1347 | D        | Noticed a deep elf master archer
  1354 | D        | Reached skill level 5 in Armour
  1356 | D        | Reached *** piety under Dithmenos
  1356 | D        | Reached skill level 15 in Stealth
  1564 | D        | Noticed a kraken
  1649 | D        | Mangled by a kraken

Vault maps used:
D:        the_violet_keep_of_menkaure

Skill      XL: |  1  2  3  4  5  6  7  8  9 |
---------------+----------------------------+-----
Spellcasting   | 3 4 6 7 8 9 10 11 | 11.7
Stealth        | 5 7 8 9 11 12 13 15 | 15.0
Short Blades   | 2 3 4 6 7 8 9 10 | 10.6
Dodging        | 4 5 7 8 9 11 12 13 | 13.6
Fighting       | 1 2 3 4 5 |  5.5
Armour         | 1 2 3 4 5 |  5.0
Hexes          | 4 5 6 7 8 9 |  9.1
Invocations    | 1 3 |  3.3
Shields        | 2 |  2.3

Action                   |  1- 3 |  4- 6 |  7- 9 || total
-------------------------+-------+-------+-------++-------
Melee: Dagger            |    10 |    25 |    50 ||    85
 Cast: Ensorcelled Hiber |     6 |     2 |     7 ||    15
       Confuse           |       |     5 |     4 ||     9
       Dazzling Spray    |       |     2 |    12 ||    14
  Use: Potion            |     1 |     2 |       ||     3
 Stab: Sleeping          |     3 |     1 |    10 ||    14
       Confused          |       |     5 |     5 ||    10
       Invisible         |       |       |     4 ||     4
Armor: Robe              |       |       |     2 ||     2
Dodge: Dodged            |    10 |    13 |    28 ||    51
Block: Buckler           |       |       |     6 ||     6
